 Dungeon Crawl Stone Soup version 0.29-a0-378-gc08b2e8bf8 (webtiles) character file.

Game seed: 6132212568243921406

7 Lekart the Skirmisher (level 1, 0/20 HPs)
             Began as a Draconian Chaos Knight on May 4, 2022.
             Was a Plaything of Xom.
             Slain by a jackal (3 damage)
             ... on level 1 of the Dungeon.
             The game lasted 00:00:19 (55 turns).

Lekart the Skirmisher (Draconian Chaos Knight)        Turns: 55, Time: 00:00:19

Health: 0/20       AC:  4    Str: 14    XL:     1   Next: 91%
Magic:  1/1        EV: 12    Int: 12    God:    Xom [......]
Gold:   0          SH:  0    Dex: 10    Spells: 0/0 levels left

rFire   . . .      SeeInvis .   a - +0 falchion (chaos)
rCold   . . .      Faith    .   (no shield)
rNeg    . . .      Spirit   .   (body armour unavailable)
rPois   .          Reflect  .   (helmet restricted)
rElec   .          Harm     .   (no cloak)
rCorr   .          Rampage  .   (no gloves)
Will    .....                   (no boots)
Stlth   +.........              (no amulet)
HPRegen 0.06/turn               (no ring)
MPRegen 0.07/turn               (no ring)

@: no status effects
A: AC +4, unfitting armour, cold-blooded
a: Renounce Religion


You were on level 1 of the Dungeon.
You worshipped Xom.
You were a very special plaything of Xom.
You visited 1 branch of the dungeon, and saw 1 of its levels.

Inventory:

Hand Weapons
 a - a +0 falchion of chaos (weapon)
Miscellaneous
 b - a piece from Xom's chessboard (15/15) (quivered)


   Skills:
 * Level 3.6 Fighting
 + Level 3.1 Long Blades
 + Level 2.2 Dodging


You couldn't memorise any spells.
You didn't know any spells.
Your spell library was empty.

Dungeon Overview and Level Annotations

Branches:
Dungeon (1/15)

Altars:


Innate Abilities, Weirdness & Mutations

Your plain brown scales are hard. (AC +4)
You cannot fit into any form of body armour.
You are cold-blooded and may be slowed by cold attacks.


Message History

The jackal barely misses you.
You hit the jackal. You freeze the jackal.
You kill the jackal!
The giant cockroach bites you but does no damage.
You hit the giant cockroach. You burn the giant cockroach.
Your tail-slap misses the giant cockroach.
The giant cockroach is severely wounded.
The giant cockroach bites you.
* * * LOW HITPOINT WARNING * * *
You barely miss the giant cockroach.
The giant cockroach is severely wounded.
The giant cockroach closely misses you. The giant cockroach barely misses you.
You closely miss the giant cockroach.
You tail-slap the giant cockroach, but do no damage.
The giant cockroach is severely wounded.
The giant cockroach bites you but does no damage.
You closely miss the giant cockroach.
The giant cockroach is severely wounded.
The giant cockroach bites you but does no damage.
You closely miss the giant cockroach.
The giant cockroach is severely wounded. "Heh heh heh..."
The jackal looks rather confused. x2
The giant cockroach looks rather confused.
The hobgoblin looks rather confused.
The kobold looks rather confused.
You are now a very special plaything of Xom.
The jackal barely misses the giant cockroach.
The giant cockroach barely misses the kobold.
The hobgoblin hits the kobold.
The kobold ponders the situation.
The kobold hits the giant cockroach but does no damage.
The jackal bites the giant cockroach.
The giant cockroach is killed!
A rat comes into view.
The jackal seems less confused.
The jackal closely misses you.
You see here a jackal corpse.
You closely miss the jackal. The jackal closely misses you.
The jackal barely misses you.
You closely miss the jackal. The jackal misses you. The jackal bites you.
You die...

∆ ∆ ##### ### . ##+##^#Z#
#####g# ..
###...#########Z#Z### ...
#H#.>.....#^#d#####..
...g###...###.#####......
#.....##'##^#.......#####
#.....†#@############Z#Z#
#.....†hK.# #Z#^#Z#Z#####
#.........# #########
.......h...#
#.....g..#...
#........##### #.........
#########. #.


You could see 2 jackals, a hobgoblin (confused) and a kobold (confused).

Vanquished Creatures
  A bat (D:1)
  A giant cockroach (D:1)
  2 jackals (D:1)
  A quokka (D:1)
  A rat (D:1)
6 creatures vanquished.

Notes
Turn   | Place    | Note
-------+----------+-------------------------------------------
     0 | D:1      | Lekart the Draconian Chaos Knight began the quest for the
                  | Orb.
     0 | D:1      | Reached XP level 1. HP: 19/19 MP: 1/1
     0 | D:1      | Noticed a merfolk zombie
     4 | D:1      | Noticed a minotaur skeleton
     6 | D:1      | Noticed a minotaur zombie
    15 | D:1      | Noticed a draconian
    21 | D:1      | Noticed a minotaur
    23 | D:1      | XOM: divination: detect items
    52 | D:1      | XOM: confuse monster(s)
    55 | D:1      | Slain by a jackal

Illustrated notes

Levels and vault maps discovered:
D:1:      shiori_arrival_whats_in_store_for_you, layout_rooms

Action                   || total
-------------------------++-------
Melee: Falchion          ||    24
       Tailslap          ||     1
Armor: Skin              ||    20
Dodge: Dodged            ||    38

Table legend: (Time is in decaauts)
 A = Elapsed time spent in this place.
 B = Non-inter-level travel time spent in this place.
 C = Inter-level travel time spent in this place.
 D = Time resting spent in this place.
 E = Time spent auto-exploring this place.
 F = Levels seen in this place.
 G = Mean time per level.
                   A        B        C        D        E       F      G
               +--------+--------+--------+--------+--------+-----+--------+
         Total |     57 |     57 |      0 |      0 |     23 |   1 |   57.0 |
       Dungeon |     57 |     57 |      0 |      0 |     23 |   1 |   57.0 |
               +--------+--------+--------+--------+--------+-----+--------+

Top non-repeatable levels by time:
     D:1: 57 daAuts
